 Dungeon Crawl Stone Soup version 0.19-a0-1891-ge1d1fe8 (webtiles) character file.

119 Naow the Shield-Bearer (level 5, 0/42 HPs)
             Began as a Formicid Fighter on Oct 18, 2016.
             Killed by divine providence
             ... invoked by an orc priest
              (17 damage)
             ... on level 3 of the Dungeon.
             The game lasted 00:01:55 (1643 turns).

Naow the Shield-Bearer (Formicid Fighter)           Turns: 1643, Time: 00:01:56

Health: 0/42       AC:  9    Str: 22    XL:     5   Next: 23%
Magic:  5/5        EV:  8    Int:  7    God:
Gold:   72         SH: 10    Dex: 10    Spells: 0 memorised, 4 levels left

rFire  . . .     SeeInvis +     a - +0 war axe
rCold  . . .     Gourm    .     b - +0 scale mail
rNeg   . . .     Faith    .     c - +0 shield
rPois  .         Spirit   .     (helmet unavailable)
rElec  .         Reflect  .     j - +0 cloak
rCorr  .         Harm     .     (no gloves)
MR     .....                    e - +0 pair of boots
Stlth  ..........               (no amulet)
                                (no ring)
                                (no ring)

@: no status effects
A: permanent stasis, dig shafts and tunnels, four strong arms, antennae 3
a: Dig, Shaft Self


You were on level 3 of the Dungeon.
You were not hungry.

You visited 1 branch of the dungeon, and saw 3 of its levels.

You collected 72 gold pieces.

Inventory:

Hand Weapons
 a - a +0 war axe (weapon)
Armour
 b - a +0 scale mail (worn)
 c - a +0 shield (worn)
 e - a +0 pair of boots (worn)
 j - a +0 cloak (worn)
Scrolls
 i - a scroll of recharging {unknown}
 m - a scroll of immolation {unknown}
 o - 3 scrolls of identify {unknown}
 p - 4 scrolls of remove curse {unknown}
Potions
 d - a potion of resistance {unknown}
 g - 5 potions of curing {unknown}
 k - a potion of mutation {unknown}
 n - a potion of haste {unknown}
Comestibles
 f - 6 bread rations
 h - 4 chunks of flesh
 l - a meat ration


   Skills:
 + Level 3.8 Fighting
 * Level 3.4 Axes
 + Level 3.9 Armour
 + Level 4.6 Shields


You had 4 spell levels left.
You didn't know any spells.

Dungeon Overview and Level Annotations

Branches:
Dungeon (3/15)

Altars:
Cheibriados
Zin


Innate Abilities, Weirdness & Mutations

You are under a permanent stasis effect.
You can dig through walls and to a lower floor.
Your four strong arms can wield two-handed weapons with a shield.
You have a pair of large antennae on your head. (SInv)


Message History

The orc priest barely misses you.
You closely miss the orc priest. You block the orc priest's attack.
You barely miss the orc priest. The orc priest closely misses you.
The orc priest invokes the aid of Beogh against you.
Beogh smites you!
You hit the orc priest.
The orc priest is moderately wounded.
You block the orc priest's attack.
You hit the orc priest.
The orc priest is severely wounded.
The orc priest hits you but does no damage.
The orc priest closely misses you.
You hit the orc priest but do no damage.
The orc priest is severely wounded.
The orc priest hits you but does no damage.
You hit the orc priest but do no damage.
The orc priest is severely wounded.
The orc priest calls down the wrath of Beogh upon you.
Beogh smites you!
You die...

###)#.###.# #
.##.#.###.######.##
.##.#..............
....#####.#...##.# ..#.#
#.#...##.# #
..#.#####.#...##.###.##
......................
.................o.#.
....#######...##@..#$##
..............†)........
...#############.#.#.###
....# .......# ....#
....... ....# #
##.......# #...##.##.#.#
#........ .............
...#.#....
....##......#....#.#...


You could see an orc priest.

Vanquished Creatures
  3 adders
  A shadow imp (D:3)
  2 worms (D:3)
  2 dart slugs (D:1)
  3 leopard geckos
  7 orcs (D:3)
  A ball python (D:2)
  3 bats
  7 giant cockroaches
  2 goblins
  8 hobgoblins
  3 jackals (D:1)
  7 kobolds
  4 frilled lizards
  11 rats
64 creatures vanquished.

Notes
Turn   | Place    | Note
-------+----------+-------------------------------------------
     0 | D:1      | Naow the Formicid Fighter began the quest for the Orb.
     0 | D:1      | Reached XP level 1. HP: 18/18 MP: 1/1
    56 | D:1      | Reached XP level 2. HP: 23/24 MP: 2/2
   224 | D:1      | Reached XP level 3. HP: 29/29 MP: 3/3
   320 | D:1      | Reached skill level 4 in Shields
   870 | D:2      | Reached XP level 4. HP: 35/35 MP: 4/4
   931 | D:2      | Found a glowing silver altar of Zin.
  1199 | D:3      | Found a snail-covered altar of Cheibriados.
  1577 | D:3      | Reached XP level 5. HP: 20/42 MP: 5/5
  1643 | D:3      | Killed from afar by an orc priest

Vault maps used:
D:1:      minmay_arrival_arboretum_large, hangedman_abyss_or_decor_lesser_grid
D:2:      zin_scriptorium, first_bread
D:3:      overflow_temple_1_default, cheibriados_altar_1, grunt_ministairs_6,
          due_unseen_surprise

Skill      XL: |  1  2  3 |
---------------+----------+-----
Shields        | 4 |  4.6
Axes           | 3 |  3.4
Fighting       | |  3.8
Armour         | |  3.9

Action                   |  1- 3 |  4- 6 || total
-------------------------+-------+-------++-------
Melee: War axe           |    92 |    96 ||   188
  Use: Potion            |       |     1 ||     1
  Eat: Chunk             |       |     3 ||     3
Armor: Scale mail        |    41 |    34 ||    75
Dodge: Dodged            |    34 |    30 ||    64
Block: Shield            |    47 |    41 ||    88
